 Dungeon Crawl Stone Soup version 0.23-a0-516-g0f8c245 (webtiles) character file.

58 theanonym the Vexing (level 3, -1/27 HPs)
             Began as a Mummy Enchanter on Dec 5, 2018.
             Slain by a gnoll
             ... wielding a +0 flail
              (10 damage)
             ... on level 2 of the Dungeon.
             The game lasted 00:02:04 (1466 turns).

theanonym the Vexing (Mummy Enchanter)              Turns: 1466, Time: 00:02:05

Health: -1/27      AC:  6    Str: 12    XL:     3   Next: 75%
Magic:  7/7        EV:  9    Int: 14    God:
Gold:   53         SH:  0    Dex: 12    Spells: 6/7 levels left

rFire    x . .     SeeInvis .   a - +1 dagger
rCold    + . .     Gourm    .   (no shield)
rNeg     + + +     Faith    .   f - +0 scale mail
rPois    ∞         Spirit   .   (no helmet)
rElec    .         Reflect  .   (no cloak)
rCorr    .         Harm     .   (no gloves)
MR       .....                  (no boots)
Stlth    +.........             (no amulet)
HPRegen  0.09/turn              (no ring)
MPRegen  0.10/turn              (no ring)

@: no status effects
A: no food or potions, fire vulnerability, cold resistance 1, negative energy
resistance 3, torment resistance, unbreathing
a: no special abilities


Innate Abilities, Weirdness & Mutations

You do not eat or drink.
Your flesh is vulnerable to fire.
You are immune to poison.
Your flesh is cold resistant. (rC+)
You are immune to negative energy. (rN+++)
You are immune to unholy pain and torment.
You can survive without breathing.


   Skills:
 + Level 1.7 Fighting
 * Level 2.5 Short Blades
 - Level 1.5 Dodging
 - Level 2.4 Stealth
 - Level 2.6 Spellcasting
 - Level 2.6 Hexes


You had 6 spell levels left.
You knew the following spells:

 Your Spells              Type           Power        Failure   Level  Hunger
a - Corona                Hex            #......      38%         1    N/A

Your spell library contained the following spells:

 Spells                   Type           Power        Failure   Level  Hunger
 Ensorcelled Hibernation  Hex/Ice        #.....       71%         2    N/A
 Confuse                  Hex            #.......     77%         3    N/A
 Tukima's Dance           Hex            #.......     77%         3    N/A
 Dazzling Spray           Conj/Hex       #.....       91%         3    N/A

Skill      XL: |  1  2 |
---------------+-------+-----
Short Blades   | 1 2 |  2.5
Fighting       | 1 |  1.7
Dodging        | |  1.5
Stealth        | |  2.4
Spellcasting   | |  2.6
Hexes          | |  2.6

Action                   || total
-------------------------++-------
Melee: Dagger            ||   193
 Stab: Sleeping          ||     1
Armor: Robe              ||     3
       Scale mail        ||    62
Dodge: Dodged            ||    98

Inventory:

Hand Weapons
 a - a +1 dagger (weapon)
Armour
 b - a +0 robe
 f - a +0 scale mail (worn)
   (You found it on level 2 of the Dungeon)
Scrolls
 c - a scroll of teleportation {unknown}
 d - a scroll of enchant armour {unknown}
 e - a scroll of blinking {unknown}
 g - a scroll of fear {unknown}
 h - a scroll of identify {unknown}
 i - a scroll of amnesia {unknown}


You were on level 2 of the Dungeon.
You were not hungry.

You visited 1 branch of the dungeon, and saw 2 of its levels.

You collected 53 gold pieces.

Dungeon Overview and Level Annotations

Branches:
Dungeon (2/15)

Altars:

.#.#.## #.#..# # ####..#####
.#....# #.#..#.# #.....#
.#.#..# #.#).#.# #...#.#
.#.#..#####.#..#.##+####...#.#
...............#.!.........#.#
.#)########.##.#...........#.#
.#.# #....#...........#.# .#†#
#.####...........#.# .#<#
######### #@##..###.#.#.. .###
#...!...###g##......#.### ..
...$......gg...>#####.# ##
........###...........#
#.......#...#########
#...........# ##..........#
#..........# ##.........#


You could see 3 gnolls.

Notes
Turn   | Place    | Note
-------+----------+-------------------------------------------
     0 | D:1      | theanonym the Mummy Enchanter began the quest for the Orb.
     0 | D:1      | Reached XP level 1. HP: 13/13 MP: 4/4
    55 | D:1      | Reached skill level 1 in Short Blades
   335 | D:1      | You fall through a shaft!
   339 | D:2      | Reached XP level 2. HP: 16/20 MP: 5/5
   361 | D:2      | HP: 10/20 [dart slug/slug dart (4)]
   366 | D:2      | HP: 7/20 [rat (3)]
   374 | D:2      | HP: 5/20 [dart slug (2)]
   377 | D:2      | Reached skill level 1 in Fighting
   903 | D:1      | Reached skill level 2 in Short Blades
   946 | D:1      | HP: 9/21 [hobgoblin/+0 club (2)]
   955 | D:1      | Reached XP level 3. HP: 8/26 MP: 7/7
  1458 | D:2      | HP: 12/26 [gnoll (5)]
  1464 | D:2      | HP: 9/27 [gnoll/+0 flail (4)]
  1466 | D:2      | Slain by a gnoll

Vanquished Creatures
  An adder (D:2)
  A gnoll (D:2)
  2 dart slugs
  A bat (D:2)
  2 giant cockroaches
  4 goblins
  8 hobgoblins
  4 frilled lizards
  5 kobolds (D:1)
  8 rats
36 creatures vanquished.

Table legend:
 A = Turns spent in this place as a percentage of turns spent in the entire game.
 B = Non-inter-level travel turns spent in this place as a percentage of non-inter-level travel turns spent in the entire game.
 C = Inter-level travel turns spent in this place as a percentage of turns spent in this place.
 D = Turns resting spent in this place as a percentage of non-inter-level travel turns spent in this place.
 E = Turns spent auto-exploring this place as a percentage of non-inter-level travel turns spent in this place.
 F = Non-inter-level travel turns spent in this place divided by the number of levels of this place that you've seen.
                   A       B       C       D       E      F
               +-------+-------+-------+-------+-------+----------------------
         Total | 100.0 | 100.0 |   1.0 |  44.4 |  30.9 | 725.5
       Dungeon | 100.0 | 100.0 |   1.0 |  44.4 |  30.9 | 725.5
               +-------+-------+-------+-------+-------+----------------------
